 Dungeon Crawl Stone Soup version 0.29.1-2-gbd0b4ee654 (webtiles) character file.

Game seed: 3342835711634346489

25 Lutefisk the Gusty (level 3, -3/22 HPs)
             Began as a Tengu Air Elementalist on Nov 10, 2022.
             Slain by Terence
             ... wielding a +0 hand axe
              (6 damage)
             ... on level 2 of the Dungeon.
             The game lasted 00:05:39 (567 turns).

Lutefisk the Gusty (Tengu Air Elementalist)          Turns: 567, Time: 00:05:40

Health: -3/22      AC:  2    Str:  8    XL:     3   Next: 4%
Magic:  6/7        EV: 12    Int: 17    God:
Gold:   75         SH:  0    Dex: 14    Spells: 3/6 levels left

rFire   . . .      SeeInvis .   j - +0 sling (freeze)
rCold   . . .      Faith    .   (no shield)
rNeg    + . .      Spirit   .   a - +0 robe
rPois   .          Reflect  .   (helmet restricted)
rElec   .          Harm     .   (no cloak)
rCorr   .          Rampage  .   (no gloves)
Will    .....                   (boots unavailable)
Stlth   ++........              (no amulet)
HPRegen 0.07/turn               f - ring of positive energy
MPRegen 0.10/turn               (no ring)

@: very slightly contaminated
A: beak, talons 3
a: no special abilities


You were on level 2 of the Dungeon.
You visited 1 branch of the dungeon, and saw 2 of its levels.

You collected 95 gold pieces.
You spent 20 gold pieces at shops.

Inventory:

Hand Weapons
 d - a +0 spear
 e - a +0 quarterstaff
 j - a +0 sling of freezing (weapon)
Missiles
 i - 2 poisoned darts (quivered)
Armour
 a - a +0 robe (worn)
Jewellery
 f - a ring of positive energy (left hand)
 g - a ring of resist corrosion
Scrolls
 c - 3 scrolls of identify
 h - a scroll of teleportation {unknown}


   Skills:
 * Level 2.5 Fighting
 - Level 2.1 Dodging
 - Level 2.0 Stealth
 - Level 2.0 Spellcasting
 - Level 1.3 Conjurations
 - Level 4.0 Air Magic


You had 3 spell levels left.
You knew the following spells:

 Your Spells              Type           Power      Damage    Failure   Level
a - Shock                 Conj/Air       40%        1d5       6%          1
b - Static Discharge      Conj/Air       10%        3-5/arc   10%         2

Your spell library contained the following spells:

 Spells                   Type           Power      Damage    Failure   Level
 Swiftness                Air            15%        N/A       11%         3
 Airstrike                Air            7%         2d(2-18)  36%         4


Dungeon Overview and Level Annotations

Branches:
Dungeon (2/15)

Altars:

Shops:
D:1 *

Annotations:
D:2 Terence


Innate Abilities, Weirdness & Mutations

You have a beak for a mouth.
You have claws for feet.


Message History

Press: ? - help, Shift-Dir - straight line The zap hits Terence.
Terence is severely wounded.
The zap misses Terence.
Terence hits you with a +0 hand axe!
Casting: Shock (safe; 6% risk of failure)
Confirm with . or Enter, or press ? or * to list all spells.
Aiming: Shock (safe; 6% risk of failure)
Press: ? - help, Shift-Dir - straight line The zap hits Terence.
Terence is severely wounded.
The zap hits Terence.
Terence is almost dead.
Terence misses you.
Casting: Shock (safe; 6% risk of failure)
Confirm with . or Enter, or press ? or * to list all spells.
Aiming: Shock (safe; 6% risk of failure)
Press: ? - help, Shift-Dir - straight line You miscast Shock.
You are very lightly contaminated with residual magic.
Nothing appears to happen.
Terence barely misses you.
Unknown command.
Okay, then.
Throw: 3 darts (poison)
Press: ? - help, Q - select action, (/) - cycle Shift-Dir - straight line, f - Terence
Aim: Terence, wielding a +0 hand axe and wearing a +0 scale mail (severely wounded, 63% to hit)
You throw a poisoned dart.
The poisoned dart barely misses Terence.
Terence hits you with a +0 hand axe!
* * * LOW HITPOINT WARNING * * *
Okay, then.
Okay, then.
Magic courses through your body.
Terence drinks a potion.
Terence is healed!
Casting: Shock (safe; 6% risk of failure)
Confirm with . or Enter, or press ? or * to list all spells.
Aiming: Shock (safe; 6% risk of failure)
Press: ? - help, Shift-Dir - straight line, p - Terence The zap hits Terence.
Terence is heavily wounded.
The zap misses Terence.
Terence hits you with a +0 hand axe.
You die...

### ##.. # #.. .##
#.####..#
#######.......#
##.....@...8...#
#..#####@.8_8.#
#$..#.......8..#
........###......#
........#.
#......#
..........#
#.##.### .....#...
....##.# .....#.##
######.# ######+
#.# #.####


You could see Terence.

Vanquished Creatures
  An adder (D:2)
  3 bats (D:1)
  A giant cockroach (D:1)
  A hobgoblin (D:1)
  2 quokkas (D:1)
  3 ball pythons
  2 frilled lizards (D:1)
  2 goblins
  A rat (D:1)
16 creatures vanquished.

Notes
Turn   | Place    | Note
-------+----------+-------------------------------------------
     0 | D:1      | Lutefisk the Tengu Air Elementalist began the quest for the
                  | Orb.
     0 | D:1      | Reached XP level 1. HP: 10/10 MP: 4/4
   151 | D:1      | Found Soscho's General Store.
   154 | D:1      | Reached skill level 1 in Fighting
   177 | D:1      | Bought a scroll of identify for 20 gold pieces
   220 | D:1      | Reached XP level 2. HP: 16/16 MP: 4/6
   229 | D:1      | Learned a level 2 spell: Static Discharge
   442 | D:2      | Reached XP level 3. HP: 22/22 MP: 5/7
   527 | D:2      | Found a faded altar of an unknown god.
   539 | D:2      | Noticed Terence
   567 | D:2      | Slain by Terence

Illustrated notes

Levels and vault maps discovered:
D:1:      psy_arrival_whirlpool, layout_loops_cross, serial_shops, shop,
          st_stairs_7
D:2:      layout_loops_corners, chequers_ecumenical_altar_simple, uniq_terence,
          uniq_crazy_yiuf_cottage

Skill      XL: |  1  2 |
---------------+-------+-----
Fighting       | 1 2 |  2.5
Dodging        | |  2.1
Stealth        | |  2.0
Spellcasting   | |  2.0
Conjurations   | |  1.3
Air Magic      | |  4.0

Action                   || total
-------------------------++-------
Melee: Spear             ||    11
       Kick              ||     2
       Peck              ||     1
 Fire: Sling             ||     4
Throw: Dart              ||     1
 Cast: Shock             ||    27
  Use: Potion            ||     1
 Stab: Sleeping          ||     2
Armor: Robe              ||     4
Dodge: Dodged            ||    15
